 Dungeon Sprint DCSS version 0.24.0-37-gcf1ca852f1 (webtiles) character file.

Game seed: 7582790506638531647, levelgen mode: deterministic

77099 Groucho the Acrobat (level 14, -33/74 (77) HPs)
             Began as a Spriggan Enchanter on Nov 24, 2019.
             Was the Champion of Dithmenos.
             Annihilated by Mennas
             ... wielding a +4 eudemon blade of holy wrath
              (38 damage)
             ... while paralysed
             ... in the Dungeon (Sprint III: "The Ten Rune Challenge") on Nov 25, 2019.
             The game lasted 01:05:52 (12031 turns).

Groucho the Acrobat (Spriggan Enchanter)           Turns: 12031, Time: 01:05:53

HP:   -33/74 (77)   AC:  6    Str:  7    XL:     14   Next: 70%
MP:   41/41         EV:  4    Int: 20    God:    Dithmenos [******]
Gold: 21            SH:  0    Dex: 18    Spells: 13/57 levels left

rFire    + . .     SeeInvis +   B - +6 rapier "Zasairue" {drain, rN++}
rCold    + . .     Gourm    .   (shield restricted)
rNeg     + + .     Faith    .   L - +1 robe {rF+}
rPois    +         Spirit   .   v - +1 hat {Int+3}
rElec    .         Reflect  .   I - +1 cloak {+Inv}
rCorr    +         Harm     .   (gloves unavailable)
MR       ++...     NoTele   +   (boots unavailable)
Stlth    ++++++....             (no amulet)
HPRegen  0.22/turn              s - ring of resist corrosion
MPRegen  0.27/turn              z - ring "Mathet" {*Contam rPois rC+ Slay+4 SInv}

@: paralysed, berserk cooldown, slowed, silenced, very quick
A: very small, unfitting armour, see invisible, herbivore, speed 3, slow
metabolism 2
}: 1/10 runes: serpentine
a: Renounce Religion, Evoke Invisibility


You were in the Dungeon.
You worshipped Dithmenos.
Dithmenos was exalted by your worship.
You were not hungry.

You visited 1 branch You collected 2643 gold pieces.
You spent 2622 gold pieces at shops.

Inventory:

Hand Weapons
 a - a +1 dagger
 f - a +5 rapier of draining
 B - the +6 rapier "Zasairue" (weapon) {drain, rN++}
   (You found it in the Dungeon)

   A truly terrible weapon, it drains the life of those it strikes.
   It greatly protects you from negative energy.
 F - a +2 dagger of speed
 H - a +1 rapier of electrocution
Missiles
 g - 12 throwing nets
 q - 9 boomerangs (quivered)
 w - 7 curare-tipped darts
Armour
 t - a scarf of spirit shield
 v - a +1 hat of intelligence (worn)
 I - a +1 cloak of invisibility (worn)
 L - a +1 robe of fire resistance (worn)
Jewellery
 p - an uncursed ring of magical power
 r - an uncursed ring of protection from cold
 s - a ring of resist corrosion (left hand)
 z - the ring "Mathet" (right hand) {*Contam rPois rC+ Slay+4 SInv}
   (You found it in the Dungeon)

   [ring of see invisible]

   It affects your accuracy and damage with ranged weapons and melee attacks
   (+4).
   It protects you from cold.
   It protects you from poison.
   It lets you see invisible.
   It causes magical contamination when unequipped.
 D - an uncursed ring of protection from cold
Wands
 x - a wand of scattershot (5)
 G - a wand of digging (3)
 J - a wand of disintegration (17)
 K - a wand of acid (6)
Scrolls
 c - a scroll of torment {unknown}
 j - a scroll of blinking
 k - 3 scrolls of identify
 l - 4 scrolls of remove curse
 n - a scroll of holy word {unknown}
Potions
 e - 4 potions of curing
 h - a potion of resistance {unknown}
 m - 2 potions of flight
 o - 4 potions of mutation
 u - a potion of cancellation {unknown}
 C - a potion of agility {unknown}
 E - a potion of brilliance {unknown}
Miscellaneous
 A - a phantom mirror
Comestibles
 d - 15 rations


   Skills:
 - Level 10.0 Fighting
 - Level 14.7 Short Blades
 - Level 12.1 Throwing
 + Level 26.2 Dodging
 - Level 15.0 Stealth
 - Level 7.2 Unarmed Combat
 + Level 22.3 Spellcasting
 - Level 5.0 Conjurations
 - Level 14.0 Hexes
 - Level 6.8 Translocations
 - Level 5.0 Transmutations
 - Level 5.1 Ice Magic
 - Level 6.4 Earth Magic
 - Level 5.0 Poison Magic
 * Level 9.8 Evocations


You had 13 spell levels left.
You knew the following spells:

 Your Spells              Type           Power        Failure   Level  Hunger
a - Corona                Hex            ######.      0%          1    None
b - Ensorcelled Hibernat  Hex/Ice        ######       1%          2    None
c - Confuse               Hex            ######..     1%          3    None
d - Dazzling Spray        Conj/Hex       ######       1%          3    None
e - Tukima's Dance        Hex            ######..     1%          3    None
f - Apportation           Tloc           #####.       1%          1    None
g - Passwall              Tmut/Erth      #####...     1%          2    None
h - Beastly Appendage     Tmut           #####.       1%          1    None
i - Darkness              Hex            ######....   1%          6    ###....
j - Invisibility          Hex            ######..     1%          6    ###....
k - Spider Form           Tmut/Pois      #####.....   1%          3    None
l - Ice Form              Ice/Tmut       #####...     2%          4    None
m - Passage of Golubria   Tloc           N/A          1%          4    None
n - Lee's Rapid Deconstr  Erth           #####.....   3%          5    None

Your spell library contained the following spells:

 Spells                   Type           Power        Failure   Level  Hunger
 Confusing Touch          Hex            ######       0%          1    None
 Animate Skeleton         Necr           N/A          1%          1    None
 Sandblast                Erth           #####.       1%          1    None
 Summon Small Mammal      Summ           ###.         1%          1    None
 Sticks to Snakes         Tmut           #####...     1%          2    None
 Stone Arrow              Conj/Erth      #####.       1%          3    None
 Petrify                  Tmut/Erth      #####...     1%          4    None
 Swiftness                Chrm/Air       ###.....     3%          2    None
 Blade Hands              Tmut           #####.....   7%          5    None


Dungeon Overview and Level Annotations

Branches:
Dungeon (1/1)

Altars:
Cheibriados
Dithmenos
Elyvilon
Fedhas
Gozag
Hepliaklqana
Kikubaaqudgha
Makhleb
Nemelex Xobeh
Okawaru
Qazlal
Ru
Sif Muna
Trog
Uskayaw
Vehumet
Wu Jian
Xom
Yredelemnul
Zin
The Shining One
Beogh
Jiyva
Lugonu

Shops:
D =[?![}}!}*!(%[=:(:[?

Annotations:
D shit, exclusion: 2 statues, Frederick, Mennas, Roxanne


Innate Abilities, Weirdness & Mutations

You are very small and have problems with some larger weapons.
You are too small for most types of armour.
You have supernaturally acute eyesight. (SInv)
You are a herbivore.
You cover ground extremely quickly.
You need to consume almost no food.


Message History

Mennas is lightly wounded.
Mennas blocks your attack.
Mennas is lightly wounded.
Your shadow hits Mennas but does no damage.
Mennas hits you with a +4 eudemon blade of holy wrath!!
* * * LOW HITPOINT WARNING * * *
Mennas closely misses you.
You are too berserk!
Unknown command.
There is an open door here.
You enter the shallow water.
Moving in this stuff is going to be slow.
You feel a strong urge to attack something.
There is an open door here.
You feel your anger nearly subside.
You are no longer berserk.
You pass out from exhaustion.
You feel yourself slow down.
Mennas hits you with a +4 eudemon blade of holy wrath!!!
Ouch! That really hurt!
You die...

###############'#########
≈....≈8#..[###...## #≈§§§
......≈#§§.##.....## #§§≈
.....§.#§###.....§.###...
......§§§§§+.§§....')..).
......§#§###.§§....#####.
......≈#§§≈##.....##...##
≈....≈8#A#'###...###.#..#
##''####@#.# ##(####.##.#
!'.. #§#####(≈≈≈'#.##.#
### #|.'∩∩#(≈≈.#..##.. #
####∩∩#.≈≈.#######
#...###..#(.≈.#..'≈⌠.
..8...+..+..≈≈'..#≈≈.
#...###..#≈≈≈.#..#.≈. #
#..#....#..#...
#))####'#######


You could see Mennas.

Vanquished Creatures
  Mara (D)
  Boris (D)
  Nikola (D)
  Rupert (D)
  Frances (D)
  Chuck (D)
  Gastronok (D)
  Donald (D)
  A storm dragon (D)
  A nagaraja (D)
  A dire elephant (D)
  2 vampire knights (D)
  A fire dragon (D)
  A yaktaur captain (D)
  A mummy priest (D)
  Erolcha (D)
  A naga warrior (D)
  2 hydras (D)
  A centaur warrior (D)
  4 anacondas (D)
  4 death yaks (D)
  4 dancing weapons (D)
  Urug (D)
  A shadow wraith (D)
  A death drake (D)
  A golden dragon zombie (D)
  2 skeletal warriors (D)
  2 spectral iron dragons (D)
  An anaconda zombie (D)
  A lindwurm (D)
  An orange crystal statue (D)
  3 orc sorcerers (D)
  A deep elf mage (D)
  4 crystal guardians (D)
  2 oklob plants (D)
  A moth of wrath (shapeshifter) (D)
  4 ugly things (D)
  An elephant (D)
  A guardian serpent (D)
  9 black mambas (D)
  4 statues (D)
  A molten gargoyle (D)
  2 spiny frogs (D)
  A rime drake (D)
  A komodo dragon (D)
  2 anaconda simulacra (D)
  A queen bee (D)
  4 spriggan defenders (D)
  2 tyrant leeches (D)
  8 blink frogs (D)
  3 wandering mushrooms (D)
  A hornet (D)
  3 slime creatures (D)
  A shadow (D)
  5 redbacks (D)
  A spatial vortex (D)
  2 nagas (D)
  A swamp worm (shapeshifter) (D)
  6 water moccasins (D)
  A hydra simulacrum (D)
  A swamp drake (D)
  3 orc warriors (D)
  A necrophage (D)
  5 two-headed ogres (D)
  A water elemental (D)
  A scorpion (D)
  32 killer bees (D)
  3 electric eels (D)
  A jelly (D)
  A wizard (D)
  An orc priest (D)
  A necromancer (D)
  A kobold demonologist (D)
  3 humans (D)
  3 adders (D)
  2 oozes (D)
  A ball lightning (D)
  11 orcs (D)
  2 rats (D)
  A ballistomycete spore (D)
  A plant (D)
196 creatures vanquished.

Vanquished Creatures (others)
  3 deep elf blademasters (D)
  2 draconian scorchers (D)
  A dire elephant (D)
  An elephant (D)
  6 hellions (D)
  3 yaktaurs (D)
  2 orc high priests (D)
  2 hornets (D)
  An electric eel (D)
  2 orc priests (D)
  4 ball lightnings (D)
  2 ballistomycete spores (D)
  4 bushes (D)
  37 plants (D)
70 creatures vanquished.

Grand Total: 266 creatures vanquished

Notes
Turn   | Place    | Note
-------+----------+-------------------------------------------
     0 | D        | Groucho the Spriggan Enchanter began the quest for the Orb.
     0 | D        | Reached XP level 1. HP: 9/9 MP: 5/5
     5 | D        | Reached skill level 5 in Stealth
     8 | D        | Reached XP level 2. HP: 13/13 MP: 5/7
   111 | D        | Killed a yaktaur
   126 | D        | Killed a hellion
   180 | D        | Learned a level 2 spell: Ensorcelled Hibernation
   182 | D        | Noticed a scorpion
   190 | D        | Killed a scorpion
   190 | D        | Reached skill level 5 in Spellcasting
   190 | D        | Reached skill level 5 in Hexes
   190 | D        | Reached XP level 3. HP: 16/16 MP: 3/10
   206 | D        | Killed a white draconian scorcher
   235 | D        | Killed a hellion
   249 | D        | Killed a hellion
   258 | D        | Killed a hellion
   290 | D        | Killed a white draconian scorcher
   306 | D        | Killed a hellion
   382 | D        | Killed a hellion
   402 | D        | Learned a level 3 spell: Confuse
   406 | D        | Learned a level 3 spell: Dazzling Spray
   410 | D        | Learned a level 3 spell: Tukima's Dance
   425 | D        | Reached skill level 10 in Stealth
   425 | D        | Reached XP level 4. HP: 21/21 MP: 10/12
   526 | D        | Noticed a water elemental
   529 | D        | Killed a water elemental
   529 | D        | Reached XP level 5. HP: 24/24 MP: 13/15
   544 | D        | Found a hide-covered altar of Uskayaw.
   544 | D        | Found an iron altar of Okawaru.
   550 | D        | Found a shadowy altar of Dithmenos.
   550 | D        | Noticed a necrophage
   552 | D        | Found a basalt altar of Yredelemnul.
   552 | D        | Found a sacrificial altar of Ru.
   562 | D        | Killed a necrophage
   683 | D        | Became a worshipper of Dithmenos the Shadowed
   693 | D        | Found a roughly hewn altar of Beogh.
   693 | D        | Found a bloodstained altar of Trog.
   693 | D        | Found an ornate altar of the Wu Jian Council.
   693 | D        | Noticed a human
   693 | D        | Noticed a human
   695 | D        | Killed a human
   695 | D        | Reached skill level 15 in Stealth
   695 | D        | Reached XP level 6. HP: 28/28 MP: 16/18
   696 | D        | Killed a human
   696 | D        | Reached skill level 10 in Spellcasting
   696 | D        | Reached skill level 10 in Hexes
   696 | D        | Reached XP level 7. HP: 32/32 MP: 16/21
   864 | D        | Found a radiant altar of Vehumet.
   865 | D        | Found a shimmering blue altar of Sif Muna.
   865 | D        | Found an ancient bone altar of Kikubaaqudgha.
   866 | D        | Reached * piety under Dithmenos
   880 | D        | Found a glowing silver altar of Zin.
   881 | D        | Found a glowing golden altar of the Shining One.
   881 | D        | Found a white marble altar of Elyvilon.
   881 | D        | Noticed a deep elf mage
   883 | D        | Killed a deep elf mage
   883 | D        | Reached skill level 6 in Dodging
   898 | D        | Noticed a shadow
   904 | D        | Killed a shadow
   904 | D        | Reached ** piety under Dithmenos
   904 | D        | Reached skill level 5 in Short Blades
   904 | D        | Reached skill level 7 in Dodging
   904 | D        | Reached XP level 8. HP: 23/36 MP: 17/24
  1096 | D        | Found a blossoming altar of Fedhas.
  1096 | D        | Found a stormy altar of Qazlal.
  1136 | D        | Found a snail-covered altar of Cheibriados.
  1136 | D        | Found a burning altar of Makhleb.
  1136 | D        | Found a hazy altar of Hepliaklqana.
  1136 | D        | Found a shimmering altar of Xom.
  1136 | D        | Found an opulent altar of Gozag.
  1136 | D        | Found a sparkling altar of Nemelex Xobeh.
  1136 | D        | Found a corrupted altar of Lugonu.
  1136 | D        | Found a viscous altar of Jiyva.
  1279 | D        | Reached skill level 8 in Dodging
  1524 | D        | Reached *** piety under Dithmenos
  1533 | D        | Reached skill level 1 in Fighting
  1758 | D        | Noticed a two-headed ogre
  1761 | D        | Killed a two-headed ogre
  1761 | D        | Reached skill level 9 in Dodging
  1765 | D        | Noticed a two-headed ogre
  1765 | D        | Noticed Erolcha
  1767 | D        | Killed Erolcha
  1767 | D        | Reached skill level 10 in Dodging
  1767 | D        | Reached XP level 9. HP: 45/45 MP: 24/26
  1768 | D        | Killed a two-headed ogre
  1768 | D        | Reached skill level 11 in Dodging
  1925 | D        | Found Kufenn's Distillery.
  1959 | D        | Reached **** piety under Dithmenos
  1979 | D        | Noticed a wandering mushroom
  1985 | D        | Noticed Donald
  1986 | D        | Noticed Frances
  2046 | D        | Reached ***** piety under Dithmenos
  2075 | D        | Noticed an orc sorcerer
  2080 | D        | Paralysed by an orc sorcerer for 3 turns
  2092 | D        | Killed an orc sorcerer
  2092 | D        | Reached skill level 5 in Fighting
  2150 | D        | Noticed an orc sorcerer
  2157 | D        | Killed an orc sorcerer
  2157 | D        | Reached ****** piety under Dithmenos
  2157 | D        | Reached skill level 12 in Dodging
  2157 | D        | Reached XP level 10. HP: 51/51 MP: 12/28
  2157 | D        | Noticed an orc sorcerer
  2160 | D        | Killed an orc sorcerer
  2388 | D        | Noticed a deep elf knight
  2388 | D        | Noticed a deep elf mage
  2388 | D        | Noticed a deep elf mage
  2388 | D        | Noticed a deep elf mage
  2388 | D        | Noticed a deep elf mage
  2400 | D        | Bought a potion of degeneration for 10 gold pieces
  2400 | D        | Bought a potion of flight for 30 gold pieces
  2433 | D        | Learned a level 1 spell: Apportation
  2444 | D        | Reached skill level 10 in Short Blades
  2445 | D        | Reached skill level 13 in Dodging
  2652 | D        | Noticed a spiny frog
  2652 | D        | Noticed a spiny frog
  2655 | D        | Killed a spiny frog
  2656 | D        | Killed a spiny frog
  2661 | D        | Reached skill level 14 in Dodging
  2672 | D        | Reached skill level 15 in Spellcasting
  2681 | D        | Reached skill level 1 in Throwing
  2681 | D        | Reached skill level 1 in Translocations
  2865 | D        | Noticed Rupert
  2914 | D        | Killed Rupert
  2914 | D        | Reached skill level 15 in Dodging
  2914 | D        | Reached XP level 11. HP: 28/60 MP: 11/31
  3315 | D        | Reached skill level 5 in Throwing
  3322 | D        | Reached skill level 1 in Conjurations
  3763 | D        | Reached skill level 16 in Dodging
  4123 | D        | Noticed a death yak
  4124 | D        | Noticed a death yak
  4128 | D        | Killed a death yak
  4129 | D        | Noticed an azure jelly
  4129 | D        | Noticed a death yak
  4129 | D        | Noticed an azure jelly
  4129 | D        | Noticed a death yak
  4130 | D        | Killed a death yak
  4133 | D        | Killed a death yak
  4133 | D        | Reached skill level 17 in Dodging
  4135 | D        | Killed a death yak
  4136 | D        | Reached skill level 10 in Fighting
  4165 | D        | Reached skill level 5 in Conjurations
  4170 | D        | Noticed a kraken
  4259 | D        | Noticed an azure jelly
  4259 | D        | Noticed an azure jelly
  4264 | D        | Noticed Gastronok
  4265 | D        | Noticed a dire elephant
  4265 | D        | Noticed a dire elephant
  4639 | D        | Noticed a lindwurm
  4642 | D        | Killed a lindwurm
  4642 | D        | Reached skill level 18 in Dodging
  4722 | D        | Reached skill level 1 in Ice Magic
  4723 | D        | Noticed Urug
  4725 | D        | Killed Urug
  4725 | D        | Reached XP level 12. HP: 67/67 MP: 32/32
  4873 | D        | Noticed a six-headed hydra
  4873 | D        | Noticed a five-headed hydra
  4875 | D        | Killed a six-headed hydra
  4876 | D        | Killed a five-headed hydra
  4876 | D        | Reached skill level 10 in Throwing
  4896 | D        | Noticed an anaconda
  4907 | D        | Killed an anaconda
  4907 | D        | Reached skill level 19 in Dodging
  5145 | D        | Noticed an anaconda
  5152 | D        | Killed an anaconda
  5152 | D        | Reached skill level 5 in Ice Magic
  5350 | D        | Noticed an anaconda
  5352 | D        | Noticed an anaconda
  5353 | D        | Reached skill level 1 in Unarmed Combat
  5355 | D        | Killed an anaconda
  5385 | D        | Killed an anaconda
  5385 | D        | Reached skill level 20 in Dodging
  5616 | D        | Noticed a nagaraja
  5620 | D        | Noticed a naga warrior
  5634 | D        | Killed a nagaraja
  5637 | D        | Killed a naga warrior
  5960 | D        | Found Zajis's Jewellery Shop.
  5960 | D        | Found Vosouc's Antique Armour Shoppe.
  5964 | D        | Found Witue's Magic Scroll Boutique.
  5969 | D        | Bought an uncursed ring of magical power for 260 gold
                  | pieces
  5969 | D        | Bought an uncursed ring of protection from cold for 325
                  | gold pieces
  5969 | D        | Bought an uncursed ring of resist corrosion for 260 gold
                  | pieces
  5972 | D        | Bought an embroidered scarf for 200 gold pieces
  6361 | D        | Got a serpentine rune of Zot
  6673 | D        | Killed a dire elephant
  6696 | D        | Killed Gastronok
  6696 | D        | Reached skill level 21 in Dodging
  6696 | D        | Reached skill level 5 in Unarmed Combat
  6696 | D        | Reached XP level 13. HP: 67/72 MP: 20/35
  6840 | D        | Killed Donald
  6866 | D        | Killed Frances
  7322 | D        | Got a sparkling bone ring
  7323 | D        | Identified the ring "Mathet" {*Contam rPois rC+ Slay+4
                  | SInv} (You found it in the Dungeon)
  7351 | D        | Learned a level 2 spell: Passwall
  7357 | D        | Noticed a fire dragon
  7359 | D        | Killed a fire dragon
  7408 | D        | Reached skill level 22 in Dodging
  7853 | D        | Got a transparent rapier
  7854 | D        | Identified the +6 rapier "Zasairue" {drain, rN++} (You
                  | found it in the Dungeon)
  7886 | D        | Reached skill level 5 in Transmutations
  8350 | D        | Reached skill level 1 in Earth Magic
  8362 | D        | Noticed Chuck
  8370 | D        | Killed Chuck
  8400 | D        | Noticed Frederick
  8804 | D        | Found Xostemycvi's Antique Armour Emporium.
  8804 | D        | Found Remo's Book Shop.
  8804 | D        | Found Iruwkug's Antique Weapon Boutique.
  8804 | D        | Found Ugoanamu's Magic Scroll Shoppe.
  8804 | D        | Found Mofrouh's Food Boutique.
  8804 | D        | Found Ycohedel's Jewellery Emporium.
  8804 | D        | Found Diedeud's Distillery.
  8804 | D        | Found Puorghoij's Antique Armour Shop.
  8804 | D        | Found Weng's General Store.
  8804 | D        | Found Fuemef's Book Emporium.
  8804 | D        | Found Vohuoj's Gadget Emporium.
  8804 | D        | Found Utyufatz's Antique Weapon Boutique.
  8855 | D        | Bought a book of Burglary for 825 gold pieces
  8857 | D        | Learned a level 1 spell: Beastly Appendage
  8864 | D        | Learned a level 6 spell: Darkness
  8871 | D        | Learned a level 6 spell: Invisibility
  8875 | D        | Learned a level 3 spell: Spider Form
  8880 | D        | Learned a level 4 spell: Ice Form
  8885 | D        | Learned a level 4 spell: Passage of Golubria
  8892 | D        | Bought a runed dagger for 110 gold pieces
  8895 | D        | Bought a wand of digging (4) for 192 gold pieces
  8902 | D        | Learned a level 5 spell: Lee's Rapid Deconstruction
  9611 | D        | Reached skill level 23 in Dodging
  9692 | D        | Noticed Mara
  9694 | D        | Noticed a vampire knight
  9694 | D        | Noticed a vampire knight
  9696 | D        | Killed Mara
  9696 | D        | Reached XP level 14. HP: 70/77 MP: 35/39
  9722 | D        | Killed a vampire knight
  9722 | D        | Reached skill level 24 in Dodging
  9728 | D        | Killed a vampire knight
 10290 | D        | Found Junakk's Distillery.
 10290 | D        | Found Ululiv's Gadget Shop.
 10290 | D        | Found Lioqicau's Gadget Shop.
 10290 | D        | Found Bebbam's Armour Emporium.
 10290 | D        | Noticed Roxanne
 10634 | D        | Noticed Nikola
 10634 | D        | Noticed a storm dragon
 10636 | D        | Killed a storm dragon
 10638 | D        | Killed Nikola
 10638 | D        | Reached skill level 25 in Dodging
 10676 | D        | Reached skill level 5 in Poison Magic
 11342 | D        | Bought a wand of disintegration (17) for 210 gold pieces
 11342 | D        | Bought a wand of acid (6) for 200 gold pieces
 11352 | D        | Noticed Boris
 11353 | D        | Killed Boris
 11353 | D        | Reached skill level 26 in Dodging
 11354 | D        | Killed a deep elf blademaster
 11469 | D        | Killed a deep elf blademaster
 11577 | D        | Noticed Mennas
 11839 | D        | Killed a deep elf blademaster
 12031 | D        | Annihilated by Mennas

Levels and vault maps discovered:
D:        dungeon_sprint_mu [sprint_mu_entry_forest, sprint_mu_temple_rooms,
          sprint_mu_d1_spiders, sprint_mu_d2_genie, sprint_mu_d3_branching,
          sprint_mu_orc_legion, sprint_mu_elf_gauntlet, sprint_mu_hive_nellie,
          sprint_mu_lair_fedhas, sprint_mu_vaults_butterflies,
          sprint_mu_slime_circle, sprint_mu_shoals_kraken,
          sprint_mu_snake_twists, sprint_mu_blade_basic,
          sprint_mu_crypt_fortress, sprint_mu_tomb_spiral,
          sprint_mu_vestibule_basic, sprint_mu_gehenna_hellfire,
          sprint_mu_dis_giant, sprint_mu_tartarus_statrot,
          sprint_mu_cocytus_islands, sprint_mu_zot1]

Skill      XL: |  1  2  3  4  5  6  7  8  9 10 11 12 13 14 |
---------------+-------------------------------------------+-----
Stealth        | 6 9 10 11 15 | 15.0
Spellcasting   | 3 5 6 8 10 11 12 13 15 17 20 22 | 22.3
Hexes          | 4 5 6 7 9 10 11 12 13 14 | 14.0
Short Blades   | 5 7 9 10 14 | 14.7
Dodging        | 7 10 12 15 18 21 23 26 | 26.2
Fighting       | 3 5 8 10 | 10.0
Throwing       | 4 9 12 | 12.1
Translocations | 6 |  6.8
Conjurations   | 5 |  5.0
Ice Magic      | 2 5 |  5.1
Unarmed Combat | 5 7 |  7.2
Transmutations | 5 |  5.0
Earth Magic    | 6 |  6.4
Poison Magic   | 5 |  5.0
Evocations     | 9 |  9.8

Action                   |  1- 3 |  4- 6 |  7- 9 | 10-12 | 13-15 || total
-------------------------+-------+-------+-------+-------+-------++-------
Melee: Dagger            |     6 |    12 |    33 |   202 |   196 ||   449
       Rapier            |       |       |       |       |    33 ||    33
       Punch             |       |       |       |       |     6 ||     6
Throw: Boomerang         |       |       |       |    32 |     8 ||    40
 Cast: Ensorcelled Hiber |     2 |       |    24 |    85 |    10 ||   121
       Confuse           |       |     1 |     5 |     8 |    29 ||    43
       Dazzling Spray    |       |       |    22 |    29 |    77 ||   128
       Invisibility      |       |       |       |       |     3 ||     3
       Tukima's Dance    |       |       |       |       |     4 ||     4
       Darkness          |       |       |       |       |     1 ||     1
Invok: Shadow Step       |       |       |       |     9 |    13 ||    22
Evoke: Wand              |       |       |       |       |     1 ||     1
  Use: Potion            |       |       |     2 |     6 |     4 ||    12
       Scroll            |       |       |       |       |     1 ||     1
 Stab: Sleeping          |     6 |     4 |    21 |    90 |    33 ||   154
       Confused          |       |     1 |     1 |     4 |    12 ||    18
       Invisible         |       |       |     2 |     1 |    14 ||    17
       Distracted        |       |       |       |       |     2 ||     2
  Eat: Ration            |       |       |       |     2 |     4 ||     6
Armor: Robe              |       |       |     1 |     2 |     3 ||     6
Dodge: Dodged            |       |     4 |    22 |    68 |   195 ||   289
